 Dungeon Crawl Stone Soup version 0.27-a0-1140-g099f9bb0e8 (webtiles) character file.

Game seed: 3712109523149259581

200504 Vomitron the Devastator (level 17, 0/142 HPs)
             Began as a Pale Draconian Conjurer on May 9, 2021.
             Was the Champion of Hepliaklqana.
             Hit by a silver javelin thrown by a merfolk javelineer (8 damage)
             ... on level 4 of the Shoals on May 10, 2021.
             The game lasted 02:20:32 (43101 turns).

Vomitron the Devastator (Pale Draconian Conjurer)  Turns: 43101, Time: 02:20:33

Health: 0/142      AC: 17    Str:  9    XL:     17   Next: 88%
Magic:  4/35       EV: 16    Int: 26    God:    Hepliaklqana [******]
Gold:   3790       SH: 12    Dex: 10    Spells: 4/44 levels left

rFire    + . .     SeeInvis +   A - +6 long sword (freeze)
rCold    + . .     Faith    .   K - +0 kite shield
rNeg     . . .     Spirit   .   (armour unavailable)
rPois    .         Reflect  .   U - +2 hat {Will+}
rElec    +         Harm     .   p - scarf {rC+ rF+}
rCorr    .         Rampage  .   J - +0 pair of gloves
Will     ++...                  m - +0 pair of boots
Stlth    ++........             N - amulet of the Air {Inacc Fly rElec EV+5 RMsl}
HPRegen  0.33/turn              H - ring of see invisible
MPRegen  0.24/turn              e - +4 ring of protection

@: flying, studying Maces & Flails, repel missiles
A: reduced essence, breathe steam, AC +9, unfitting armour, cold-blooded, steam
resistance
}: 1/15 runes: gossamer
a: Breathe Steam, Renounce Religion, Recall Ancestor, Ancestor Identity,
Transference, Idealise


You were on level 4 of the Shoals.
You worshipped Hepliaklqana.
Hepliaklqana was exalted by your worship.
You visited 6 branches of the dungeon, and saw 30 of its levels.
You also visited: Gauntlet and Volcano.

You collected 3930 gold pieces.
You spent 140 gold pieces at shops.

Inventory:

Hand Weapons
 A - a +6 long sword of freezing (weapon)
Missiles
 q - 12 atropa-tipped darts
 G - 4 throwing nets
 L - 7 curare-tipped darts
Armour
 m - a +0 pair of boots (worn)
 p - a scarf of resistance (worn)
 J - a +0 pair of gloves (worn)
 K - a +0 kite shield (worn)
 O - a +1 pair of boots of rampaging
 U - a +2 hat of willpower (worn)
Magical Staves
 E - a staff of poison
Jewellery
 b - the ring "Jifuett" {rElec rCorr Int+6 Slay+4}
   (You found it on level 11 of the Dungeon)

   [ring of slaying]

   It affects your intelligence (+6).
   It affects your accuracy and damage with ranged weapons and melee attacks
   (+4).
   It insulates you from electricity.
   It protects you from acid and corrosion.
 e - a +4 ring of protection (right hand)
 j - a ring of magical power
 F - the ring of Edwog {rC+ rCorr Str+4 Int+2 Dex+4}
   (You found it on level 1 of the Spider Nest)

   [ring of resist corrosion]

   It affects your strength (+4).
   It affects your intelligence (+2).
   It affects your dexterity (+4).
   It protects you from cold.
   It protects you from acid and corrosion.
 H - a ring of see invisible (left hand)
 N - the amulet of the Air (around neck) {Inacc Fly rElec EV+5 RMsl}
   (You found it on level 1 of the Lair of Beasts)

   [amulet of nothing]

   It affects your evasion (+5).
   It insulates you from electricity.
   It grants you flight.
   It protects you from missiles.
 W - the ring "Ecypto" {rF+ Int+6 Dex+4}
   (You found it in a Gauntlet)

   [ring of intelligence]

   It affects your intelligence (+6).
   It affects your dexterity (+4).
   It protects you from fire.
Wands
 n - a wand of flame (178)
 u - a wand of charming (10)
 v - a wand of digging (2)
 y - a wand of iceblast (20)
 C - a wand of acid (3)
 V - a wand of mindburst (45)
Scrolls
 a - 5 scrolls of enchant armour
 h - 10 scrolls of teleportation
 t - 2 scrolls of fog
 x - 6 scrolls of identify
 I - 4 scrolls of amnesia
 P - a scroll of summoning
 Q - a scroll of holy word
 R - 2 scrolls of vulnerability
 T - 2 scrolls of enchant weapon
 X - a scroll of fear
 Z - 3 scrolls of blinking
Potions
 c - 4 potions of might
 d - 6 potions of lignification
 f - 9 potions of curing
 g - 4 potions of attraction
 i - 3 potions of resistance
 k - 4 potions of heal wounds
 l - 4 potions of invisibility
 o - 3 potions of mutation
 r - 2 potions of berserk rage
 s - 3 potions of magic
 z - 3 potions of flight
 B - 3 potions of degeneration
 D - 4 potions of haste
 S - 2 potions of cancellation
 Y - 7 potions of ambrosia
Miscellaneous
 w - a lightning rod (4/4)
 M - a phial of floods


   Skills:
 + Level 15.8 Fighting
 - Level 1.7 Dodging
 - Level 1.7 Stealth
 + Level 13.5 Shields
 + Level 14.0 Spellcasting
 + Level 16.0 Conjurations
 - Level 4.2 Hexes
 - Level 4.0 Translocations
 - Level 4.2 Air Magic
 - Level 8.0 Earth Magic
 - Level 6.0 Poison Magic
 - Level 7.6 Invocations


You had 4 spell levels left.
You knew the following spells:

 Your Spells              Type           Power      Damage    Failure   Level
a - Magic Dart            Conj           100%       1d8       0%          1
b - Searing Ray           Conj           100%       3d7       0%          2
c - Iskenderun's Mystic   Conj/Tloc      63%        2d13      1%          4
d - Fulminant Prism       Conj/Hex       31%        3d16      1%          4
e - Lightning Bolt        Conj/Air       31%        1d48      1%          5
f - Iskenderun's Battles  Conj           80%        2d13      1%          5
g - Iron Shot             Conj/Erth      34%        9d7       4%          6
h - Stone Arrow           Conj/Erth      100%       3d13      1%          3
i - Poisonous Vapours     Pois/Air       88%        N/A       1%          2
j - Olgreb's Toxic Radia  Pois           49%        N/A       3%          4
k - Hailstorm             Conj/Ice       56%        3d12      1%          4

Your spell library contained the following spells:

 Spells                   Type           Power      Damage    Failure   Level
 Apportation              Tloc           78%        N/A       1%          1
 Corona                   Hex            44%        N/A       1%          1
 Sandblast                Erth           100%       2d20      1%          1
 Sting                    Tmut/Pois      100%       1d8       1%          1
 Passwall                 Tmut/Erth      32%        N/A       1%          2
 Slow                     Hex            40%        N/A       1%          2
 Static Discharge         Conj/Air       63%        N/A       1%          2
 Confusing Touch          Hex            40%        N/A       1%          3
 Dazzling Flash           Conj/Hex       100%       N/A       1%          3
 Gell's Gravitas          Tloc           19%        N/A       1%          3
 Lesser Beckoning         Tloc           19%        N/A       1%          3
 Mephitic Cloud           Conj/Pois/Air  59%        N/A       1%          3
 Portal Projectile        Hex/Tloc       78%        N/A       1%          3
 Swiftness                Air            40%        N/A       1%          3
 Tukima's Dance           Hex            40%        N/A       1%          3
 Freeze                   Ice            72%        1d9       3%          1
 Leda's Liquefaction      Hex/Erth       25%        N/A       3%          4
 Ignite Poison            Fire/Tmut/Pois 28%        N/A       4%          3
 Inner Flame              Hex/Fire       29%        N/A       4%          3
 Cause Fear               Hex            20%        N/A       6%          4
 Passage of Golubria      Tloc           N/A        N/A       7%          4
 Petrify                  Tmut/Erth      39%        N/A       7%          4
 Frozen Ramparts          Ice            36%        1d5       11%         3
 Ozocubu's Armour         Ice            18%        N/A       11%         3
 Animate Dead             Necr           9%         N/A       34%         4
 Bolt of Magma            Conj/Fire/Erth 28%        4d13      3%          5
 Lee's Rapid Deconstruct  Erth           28%        3d16*     3%          5
 Orb of Destruction       Conj           40%        9d14      4%          7
 Borgnjor's Vile Clutch   Necr/Erth      19%        N/A       19%         5
 Alistair's Intoxication  Tmut/Pois      22%        N/A       28%         5
 Metabolic Englaciation   Hex/Ice        14%        N/A       38%         5
 Summon Mana Viper        Hex/Summ       29%        N/A       38%         5
 Yara's Violent Unravell  Hex/Tmut       14%        3d7       38%         5
 Summon Forest            Summ/Tloc      14%        N/A       41%         5
 Invisibility             Hex            40%        N/A       69%         6
 Spellforged Servitor     Conj/Summ      28%        N/A       75%         7
 Death Channel            Necr           9%         N/A       99%         6
 Shadow Creatures         Summ           N/A        N/A       99%         6
 Simulacrum               Ice/Necr       9%         N/A       99%         6
 Summon Hydra             Summ           9%         N/A       100%        7
 Ignition                 Fire           9%         3d5       100%        8
 Shatter                  Erth           28%        3d23*     100%        9
 Tornado                  Air            20%        N/A       100%        9


Dungeon Overview and Level Annotations

Branches:
Dungeon (13/15)            Temple (1/1) D:6            Lair (6/6) D:10
 Shoals (4/4) Lair:4       Spider (4/4) Lair:4          Orc (2/2) D:10
    Elf (0/3) Orc:2       Volcano (visited)         Gauntlet (visited)
  Slime: Lair:5-6    Vaults: D:13-14

Altars:
Ashenzari
Cheibriados
Dithmenos
Elyvilon
Fedhas
Gozag
Hepliaklqana
Kikubaaqudgha
Makhleb
Nemelex Xobeh
Okawaru
Qazlal
Ru
Sif Muna
Trog
Uskayaw
Vehumet
Wu Jian
Xom
Yredelemnul
Zin
The Shining One
Beogh

Shops:
Orc:2 ([:*   Shoals:2 (

Annotations:
D:9 3 runed translucent doors, HendSelp's ghost, journeyman OgBe
Lair:4 exclusion: oklob plant
Lair:5 exclusion: oklob plant
Lair:6 3 runed translucent doors, exclusion: 3 oklob plants, Ampipap's ghost, journeyman DsNe; Toastrabb's ghost, journeyman MiBe; Ytoehoq's ghost, journeyman FeFE; mojorge's ghost, journeyman DEFE
Spider:3 2 transporters, exclusion: orange crystal statue


Innate Abilities, Weirdness & Mutations

Your life essence is reduced to manifest your ancestor. (-10% HP)
You can breathe blasts of scalding, opaque steam.
Your pale cyan-grey scales are hard. (AC +9)
You cannot fit into any form of body armour.
You are cold-blooded and may be slowed by cold attacks.
You are immune to the effects of steam.


Message History

The merfolk javelineer throws a silver javelin.
The silver javelin pierces through Nikki!!
Nikki is destroyed!
The merfolk javelineer shouts!
Unknown command.
Aiming: Stone Arrow (safe; 1% risk of failure)
Press: ? - help, Q - select action, (/) - cycle Shift-Dir - straight line, f/p - merfolk
Aim: a merfolk, wielding the +6 short sword "Gereso" {protect, rF++ rCorr Str-3 Stlth+} and quivering silver boomerangs (almost dead, very poisoned, 55% to hit)
The stone arrow misses the merfolk.
You kill the merfolk!
The merfolk javelineer throws a silver javelin.
The silver javelin pierces through you!!
Unknown command.
Unknown command.
Casting: Stone Arrow (safe; 1% risk of failure)
Confirm with . or Enter, or press ? or * to list all spells.
Aiming: Magic Dart (safe; 0% risk of failure)
Press: ? - help, Shift-Dir - straight line, f - merfolk javelineer
Aim: a merfolk javelineer, wielding a +2 spear of flaming, wearing a +0 leather armour and quivering silver javelins (almost dead, very poisoned, 100% to hit)
The magic dart hits the merfolk javelineer.
The merfolk javelineer is almost dead.
The merfolk javelineer throws a silver javelin.
The silver javelin barely misses you.
Unknown command.
Casting: Magic Dart (safe; 0% risk of failure)
Confirm with . or Enter, or press ? or * to list all spells.
Aiming: Magic Dart (safe; 0% risk of failure)
Press: ? - help, Shift-Dir - straight line, f/p - merfolk javelineer
Aim: a merfolk javelineer, wielding a +2 spear of flaming, wearing a +0 leather armour and quivering silver javelins (almost dead, very poisoned, 100% to hit)
The magic dart hits the merfolk javelineer.
The merfolk javelineer is almost dead.
The merfolk javelineer throws a silver javelin.
The silver javelin pierces through you!
* * * LOW HITPOINT WARNING * * *
x2 Unknown command.
Unknown command.
The merfolk javelineer throws a silver javelin.
The silver javelin pierces through you!!
* * * LOW HITPOINT WARNING * * *
You die...

≈≈≈≈≈≈≈≈≈≈≈≈≈≈≈≈
≈≈≈≈≈≈≈≈≈≈≈≈≈≈≈≈≈≈≈≈≈≈≈≈≈≈
≈≈≈≈≈≈≈≈≈≈≈≈≈≈≈≈≈≈≈≈≈≈≈≈≈≈≈
≈≈≈≈≈≈≈≈÷≈≈≈≈≈≈≈≈≈≈≈≈≈≈≈≈≈≈
≈≈≈≈≈≈≈≈≈≈≈≈≈≈≈≈≈≈≈≈≈≈≈≈≈≈≈≈
≈≈≈≈≈≈.<.≈≈≈≈≈≈≈≈≈≈≈≈≈≈≈≈≈≈≈
≈≈≈≈≈......≈≈≈≈≈≈≈≈≈≈≈≈≈≈≈≈≈
≈≈≈≈..^†....≈≈≈≈≈≈≈≈≈≈≈≈≈≈≈≈
≈≈≈≈......##..##@.....≈≈≈≈≈≈
≈≈≈≈.....)#######......≈≈≈≈≈
≈≈≈≈....≈#÷..##..#.....≈≈≈≈≈
≈≈≈≈....##...≈...##)...≈≈≈≈≈
≈≈≈≈≈.<.###.#)#.###..).≈≈≈≈≈
≈≈≈≈≈...##.≈...≈≈##)...≈≈≈≈≈
≈≈≈≈≈...###.#.#..##..m≈≈≈≈≈≈
≈≈≈≈... #...≈...#≈.)≈≈≈≈≈≈≈
≈≈≈. ##.≈#≈.##≈..≈≈≈≈≈≈≈


You could see a merfolk javelineer (very poisoned).

Vanquished Creatures
  3 krakens
  An orc warlord (Orc:1)
  3 emperor scorpions (Spider:4)
  A ghost moth (Spider:4)
  3 entropy weavers
  A dire elephant (Lair:4)
  A merfolk impaler (Shoals:3)
  3 hydras
  Erolcha (Orc:1)
  An ogre mage (Volcano)
  2 boulder beetles
  2 alligator snapping turtles (Shoals:3)
  2 merfolk avatars
  A centaur warrior (D:13)
  A merfolk aquamancer (Shoals:1)
  5 two-headed ogres
  2 orc high priests (Orc:2)
  Urug (Orc:2)
  4 sea snakes
  A lindwurm (Lair:6)
  3 orc knights (Orc:2)
  A necromancer (Gauntlet)
  19 orb spiders
  22 wolf spiders
  6 harpies
  3 orc sorcerers (Orc:2)
  3 cyclopes
  9 manticores
  3 fauns
  3 water nymphs
  16 elephants
  5 merfolk sirens
  6 black mambas
  2 torpor snails
  15 cane toads
  Psyche (D:8)
  7 komodo dragons
  6 demonic crawlers
  10 merfolk
  33 jumping spiders
  3 polar bears
  A troll (Orc:2)
  3 tyrant leeches
  6 hornets
  4 wind drakes
  3 snapping turtles
  23 blink frogs
  8 dream sheep
  61 redbacks
  2 shadows
  26 tarantellas
  A wraith (D:12)
  A wyvern (Lair:4)
  2 basilisks
  5 water elementals
  39 yaks
  4 vampire mosquitoes
  A steam dragon (D:9)
  An acid dragon (D:10)
  6 wargs
  15 water moccasins
  Duvessa (D:4)
  20 orc warriors
  An ice beast (D:7)
  4 black bears
  7 ogres
  A necrophage (D:7)
  15 wolves
  5 centaurs
  A phantom (D:5)
  2 kobold brigands
  Blork the orc (D:5)
  23 bullfrogs
  2 gnoll sergeants
  Dowan (D:4)
  2 water moccasin zombies
  A wyvern zombie (D:6)
  11 killer bees
  2 howler monkeys (D:6)
  8 wights (D:10)
  3 electric eels
  2 lava snakes (Volcano)
  5 centaur zombies
  5 hounds
  A jelly (D:6)
  A bullfrog skeleton (D:5)
  17 orc priests
  A gnoll shaman (D:9)
  2 centaur skeletons (D:6)
  4 iguanas
  Natasha (thrice) (D:2)
  20 orc wizards
  Terence (D:2)
  A killer bee zombie (D:5)
  A hound skeleton (D:4)
  A howler monkey zombie (D:11)
  19 gnolls
  11 adders
  2 white imps
  An ufetubus (D:4)
  7 worms
  3 dart slugs
  58 orcs
  7 bats
  2 endoplasms
  4 giant cockroaches
  3 goblins
  5 hobgoblins
  7 jackals
  6 quokkas
  7 ball pythons
  12 kobolds
  7 rats
  2 tentacles
766 creatures vanquished.

Vanquished Creatures (collateral kills)
  Gastronok (Orc:2)
  An orc warlord (Orc:1)
  A ghost moth (Spider:4)
  An emperor scorpion (Spider:4)
  An entropy weaver (Spider:3)
  A red draconian (Volcano)
  A minotaur (Gauntlet)
  A merfolk impaler (Shoals:3)
  4 hydras
  A catoblepas (Lair:6)
  2 two-headed ogres
  A death yak (Gauntlet)
  An alligator snapping turtle (Shoals:2)
  5 sea snakes
  6 orb spiders
  10 harpies
  14 wolf spiders
  An orc sorcerer (Orc:2)
  2 cyclopes
  3 fauns (Shoals:1)
  3 merfolk sirens
  4 moths of wrath
  4 elephants
  A water nymph (Shoals:2)
  A black mamba (Lair:3)
  2 molten gargoyles (Volcano)
  2 gargoyles
  2 torpor snails (Lair:1)
  9 cane toads
  A rime drake (Lair:6)
  4 demonic crawlers
  3 komodo dragons
  3 trolls
  A tyrant leech (Lair:6)
  13 jumping spiders
  5 hornets
  10 merfolk
  9 blink frogs
  6 dream sheep
  3 snapping turtles
  9 tarantellas
  26 redbacks
  3 wyverns
  A shadow (D:11)
  26 yaks
  A fire bat (Volcano)
  3 basilisks
  3 water elementals
  Grum (D:8)
  6 vampire mosquitoes
  2 wargs
  2 water moccasins
  9 orc warriors
  3 wolves
  7 bullfrogs
  A killer bee (D:10)
  An electric eel (D:13)
  A wight (D:10)
  2 lava snakes (Volcano)
  3 orc priests
  5 orc wizards (Orc:2)
  A gnoll (D:9)
  13 orcs
  4 tentacles
277 creatures vanquished.

Vanquished Creatures (others)
  Erica (D:8)
  A two-headed ogre (Volcano)
  2 ancestors
  12 knights
  A bush (Lair:5)
  59 fulminant prisms
  39 fungi
  224 plants
  22 tentacles
  6 withered plants
367 creatures vanquished.

Grand Total: 1410 creatures vanquished

Notes
Turn   | Place    | Note
-------+----------+-------------------------------------------
     0 | D:1      | Vomitron the Draconian Conjurer began the quest for the
                  | Orb.
     0 | D:1      | Reached XP level 1. HP: 14/14 MP: 3/3
   183 | D:1      | Reached XP level 2. HP: 20/20 MP: 1/5
   249 | D:1      | Learned a level 2 spell: Searing Ray
   842 | D:2      | Reached XP level 3. HP: 26/26 MP: 6/6
  1101 | D:2      | You fall into a shaft and drop 2 floors!
  1354 | D:4      | Reached skill level 5 in Conjurations
  1354 | D:4      | Reached XP level 4. HP: 33/33 MP: 8/8
  1798 | D:3      | Reached XP level 5. HP: 22/38 MP: 9/9
  2347 | D:2      | Noticed Terence
  2352 | D:2      | Killed Terence
  2353 | D:2      | Reached skill level 6 in Conjurations
  2537 | D:2      | Noticed Natasha
  2547 | D:2      | Killed Natasha
  2695 | D:2      | Noticed Natasha
  2698 | D:2      | Killed Natasha
  2847 | D:2      | Noticed Natasha
  2854 | D:2      | Killed Natasha
  2855 | D:2      | Reached XP level 6. HP: 27/45 MP: 11/11
  3248 | D:3      | Learned a level 4 spell: Iskenderun's Mystic Blast
  3253 | D:3      | Learned a level 4 spell: Fulminant Prism
  4300 | D:4      | Reached skill level 1 in Fighting
  4363 | D:4      | Reached skill level 1 in Translocations
  4519 | D:4      | Noticed Duvessa
  4520 | D:4      | Noticed Dowan
  4528 | D:4      | Killed Duvessa
  4529 | D:4      | Reached skill level 7 in Conjurations
  4529 | D:4      | Your scales start taking on a pale cyan-grey colour.
  4529 | D:4      | Reached XP level 7. HP: 37/53 MP: 11/13
  4529 | D:4      | Gained mutation: You are immune to the effects of steam.
                  | [Pale Draconian growth]
  4530 | D:4      | Killed Dowan
  5265 | D:5      | Entered Level 5 of the Dungeon
  5540 | D:5      | Reached XP level 8. HP: 57/63 MP: 15/15
  5678 | D:5      | Reached skill level 8 in Conjurations
  5730 | D:5      | Reached skill level 1 in Hexes
  5799 | D:5      | Identified the +8 chain mail of Grace {rElec rF- rN++
                  | rCorr}
  5886 | D:5      | Reached skill level 5 in Spellcasting
  6047 | D:5      | Noticed Blork the orc
  6055 | D:5      | Killed Blork the orc
  6139 | D:5      | Found a stormy altar of Qazlal.
  6704 | D:6      | Reached XP level 9. HP: 72/72 MP: 17/17
  6783 | D:6      | Found a staircase to the Ecumenical Temple.
  6797 | Temple   | Entered the Ecumenical Temple
  6872 | Temple   | Became a worshipper of Hepliaklqana the Forgotten
  6947 | D:6      | Reached skill level 5 in Fighting
  8024 | D:7      | Reached skill level 9 in Conjurations
  9136 | D:8      | Reached skill level 1 in Shields
  9371 | D:8      | Noticed Erica
  9377 | D:8      | Noticed Psyche
  9380 | D:8      | Killed Erica
  9381 | D:8      | Reached XP level 10. HP: 69/84 MP: 18/20
  9412 | D:8      | Killed Psyche
  9488 | D:8      | Reached * piety under Hepliaklqana
  9570 | D:8      | Noticed Grum
  9579 | D:8      | Killed Grum
  9865 | D:9      | Reached skill level 10 in Conjurations
 10103 | D:9      | Found a runed translucent gate.
 10103 | D:9      | Found a runed translucent gate.
 10103 | D:9      | Found a runed translucent gate.
 10103 | D:9      | Noticed an 11-headed hydra
 10103 | D:9      | Noticed HendSelp's ghost (journeyman OgBe)
 10103 | D:9      | Noticed a nine-headed hydra
 10479 | D:9      | Noticed a two-headed ogre
 10486 | D:9      | Killed a two-headed ogre
 10753 | D:10     | Entered Level 10 of the Dungeon
 10967 | D:10     | Reached ** piety under Hepliaklqana
 10971 | D:10     | Remembered your ancestor Nikki as a knight
 11010 | D:10     | Reached XP level 11. HP: 71/85 MP: 23/23
 11018 | D:10     | Reached skill level 1 in Invocations
 11039 | D:10     | Found a staircase to the Orcish Mines.
 11135 | D:10     | Found a staircase to the Lair.
 11769 | Lair:1   | Entered Level 1 of the Lair of Beasts
 12004 | Lair:1   | Reached skill level 5 in Shields
 12185 | Lair:1   | Reached skill level 11 in Conjurations
 12464 | Lair:1   | Found a snail-covered altar of Cheibriados.
 12845 | Lair:1   | Found the amulet of the Air {Inacc Fly rElec EV+5 RMsl}
 13056 | Lair:2   | Reached *** piety under Hepliaklqana
 13872 | Lair:3   | Noticed an eight-headed hydra
 13882 | Lair:3   | Killed an eight-headed hydra
 13883 | Lair:3   | Reached skill level 5 in Invocations
 13883 | Lair:3   | Reached XP level 12. HP: 80/95 MP: 17/25
 14089 | Lair:3   | Reached skill level 10 in Fighting
 14458 | Lair:3   | Reached **** piety under Hepliaklqana
 14965 | Lair:4   | Noticed a seven-headed hydra
 14970 | Lair:4   | Killed a seven-headed hydra
 15014 | Lair:3   | Reached skill level 12 in Conjurations
 15338 | Lair:3   | Reached skill level 10 in Spellcasting
 15752 | Lair:4   | Noticed a seven-headed hydra
 15759 | Lair:4   | Killed a seven-headed hydra
 15760 | Lair:4   | Reached XP level 13. HP: 103/103 MP: 27/27
 15881 | Lair:4   | Identified the Volume of Ashen Bewitchment
 16117 | Lair:4   | Found a staircase to the Shoals.
 16525 | Lair:4   | Learned a level 5 spell: Lightning Bolt
 16608 | Lair:4   | Found a hole to the Spider Nest.
 16626 | Lair:4   | Reached skill level 1 in Air Magic
 16836 | Lair:4   | Noticed a dire elephant
 16850 | Lair:4   | Killed a dire elephant
 17353 | Lair:5   | Found a gate leading to a gauntlet.
 17359 | Gauntlet | Entered a Gauntlet
 17359 | Gauntlet | Found a transporter.
 17386 | Gauntlet | Found a transporter.
 17406 | Gauntlet | Found a transporter.
 17423 | Gauntlet | Found a transporter.
 17438 | Gauntlet | Found a transporter.
 17451 | Gauntlet | Found a transporter.
 17470 | Gauntlet | Found a transporter.
 17474 | Gauntlet | Found a transporter.
 17474 | Gauntlet | Noticed a balrug
 17484 | Gauntlet | Found a transporter.
 17508 | Gauntlet | Found a transporter.
 17509 | Gauntlet | Found the ring of the Hare {EV+8}
 17540 | Gauntlet | Found a transporter.
 17602 | Gauntlet | Identified the amulet of False Pretenses {-Cast rElec
                  | Regen+ Str+4}
 17715 | Gauntlet | Noticed a minotaur
 17727 | Gauntlet | Killed a minotaur
 17740 | Gauntlet | Identified the ring "Ecypto" {rF+ Int+6 Dex+4}
 17748 | Gauntlet | Learned a level 5 spell: Iskenderun's Battlesphere
 17754 | Lair:5   | Found a dark tunnel.
 17763 | Volcano  | Entered a volcano
 17934 | Volcano  | Found a burning altar of Makhleb.
 17950 | Volcano  | Noticed a red draconian
 17964 | Volcano  | Killed a red draconian
 18617 | Lair:5   | Reached ***** piety under Hepliaklqana
 18777 | Lair:5   | Learned a level 6 spell: Iron Shot
 19043 | Lair:5   | Reached skill level 1 in Earth Magic
 19414 | Lair:5   | Found a blossoming altar of Fedhas.
 19490 | Lair:6   | Entered Level 6 of the Lair of Beasts
 19501 | Lair:6   | Reached XP level 14. HP: 113/113 MP: 26/28
 19503 | Lair:6   | Reached skill level 13 in Conjurations
 21580 | Lair:6   | Reached skill level 10 in Shields
 22273 | Lair:6   | Found a runed translucent gate.
 22274 | Lair:6   | Found a runed translucent gate.
 22275 | Lair:6   | Found a runed translucent gate.
 22277 | Lair:6   | Noticed mojorge's ghost (journeyman DEFE)
 22277 | Lair:6   | Noticed Toastrabb's ghost (journeyman MiBe)
 22277 | Lair:6   | Noticed Ytoehoq's ghost (journeyman FeFE)
 22277 | Lair:6   | Noticed Ampipap's ghost (journeyman DsNe)
 23317 | Orc:1    | Entered Level 1 of the Orcish Mines
 23419 | Orc:1    | Learned a level 3 spell: Stone Arrow
 23664 | Orc:2    | Entered Level 2 of the Orcish Mines
 23680 | Orc:1    | Reached skill level 5 in Earth Magic
 24104 | Orc:2    | Noticed Urug
 24182 | Orc:2    | Killed Urug
 24184 | Orc:2    | Noticed an orc warlord
 24343 | Orc:1    | Killed an orc warlord
 24456 | Orc:2    | Reached XP level 15. HP: 119/121 MP: 26/30
 24871 | Orc:2    | Found Samijo's Book Emporium.
 25023 | Orc:2    | Found Cauzish's Antique Weapon Emporium.
 25073 | Orc:1    | Noticed an orc warlord
 25073 | Orc:1    | Noticed Gastronok
 25639 | Orc:1    | Killed an orc warlord
 25650 | Orc:2    | Killed Gastronok
 25651 | Orc:2    | Reached skill level 14 in Conjurations
 25928 | Orc:2    | Found a staircase to the Elven Halls.
 25955 | Orc:2    | Found Kuker's General Store.
 25962 | Orc:2    | Bought a potion of haste for 140 gold pieces
 26101 | Orc:2    | Found Veuth's Antique Armour Emporium.
 26284 | Orc:1    | Noticed Erolcha
 26293 | Orc:1    | Killed Erolcha
 26482 | D:11     | Learned a level 2 spell: Poisonous Vapours
 26487 | D:11     | Learned a level 4 spell: Olgreb's Toxic Radiance
 26773 | D:11     | Reached skill level 1 in Poison Magic
 26858 | D:11     | Identified the ring "Jifuett" {rElec rCorr Int+6 Slay+4}
 26918 | D:11     | You are sucked into a shaft and drop 2 floors!
 27129 | D:13     | Reached ****** piety under Hepliaklqana
 27748 | Spider:1 | Entered Level 1 of the Spider Nest
 27855 | Shoals:1 | Entered Level 1 of the Shoals
 29003 | Shoals:1 | Noticed a kraken
 29021 | Shoals:1 | Killed a kraken
 30446 | Shoals:2 | Noticed a kraken
 30709 | Shoals:2 | Killed a kraken
 31304 | Shoals:2 | Found Reifom's Antique Weapon Shop.
 31553 | Shoals:2 | Reached XP level 16. HP: 131/131 MP: 25/32
 32515 | Spider:1 | Learned a level 4 spell: Hailstorm
 33534 | Spider:1 | Reached skill level 5 in Poison Magic
 33550 | Spider:1 | Identified the ring of Edwog {rC+ rCorr Str+4 Int+2 Dex+4}
 35363 | Spider:2 | Reached skill level 15 in Conjurations
 35522 | Spider:2 | Identified a scroll of acquirement
 35524 | Spider:2 | Acquired 1373 gold pieces
 36819 | Spider:3 | Reached skill level 15 in Fighting
 37116 | Spider:3 | Reached XP level 17. HP: 140/140 MP: 34/34
 37146 | Spider:3 | Found a transporter.
 37260 | Spider:3 | Found a transporter.
 37393 | Spider:4 | Entered Level 4 of the Spider Nest
 40313 | Spider:4 | Got a gossamer rune of Zot
 41236 | Shoals:3 | Noticed a kraken
 41244 | Shoals:3 | Killed a kraken
 42637 | Shoals:4 | Entered Level 4 of the Shoals
 42750 | Shoals:4 | Reached skill level 16 in Conjurations
 43089 | Shoals:4 | Identified the +6 short sword "Gereso" {protect, rF++ rCorr
                  | Str-3 Stlth+}
 43101 | Shoals:4 | Hit by a silver javelin thrown by a merfolk javelineer

Illustrated notes

Levels and vault maps discovered:
D:1:      scummos_arrival_hexagon, layout_basic
D:2:      kennysheep_big_flooded_room, layout_basic, minmay_pentomino_v2,
          uniq_natasha, uniq_terence
D:3:      mumra_celtic_spiral_tile, layout_basic
D:4:      layout_gridville, corexii_corridor_pit,
          corexii_item_surrounded_by_moat, kennysheep_nondescript, uniq_duvessa
D:5:      kennysheep_spiral_hall, layout_gridville,
          nicolae_overflow_crystal_walls, minmay_fractal_squares_5,
          uniq_blork_the_orc
D:6:      layout_gridville, minmay_temple_entry_waves, minmay_manual_mess
D:7:      layout_loops_ring, dk_vineyard_1
D:8:      layout_rooms, uniq_erica, uniq_grum, uniq_psyche
D:9:      layout_gridville, gammafunk_ghost_hydra_chop, serial_rivers,
          chequers_serial_rivers_micro_e, chequers_serial_rivers_large_b,
          chequers_serial_rivers_small_a, chequers_serial_rivers_small_3,
          chequers_serial_rivers_room_a
D:10:     layout_roguey, erik_lair_orcish_takeover, david_orc_3
D:11:     layout_cave_pools, serial_column_ruins, column_ruins_hut_water,
          column_ruins_open_medium_water, column_ruins_open_tiny,
          column_ruins_grid_1, column_ruins_open_medium, column_ruins_grid_3,
          column_ruins_grid_4
D:12:     layout_cave_pools, uniq_rupert, uniq_kirke
D:13:     argonaut_augean_stables, layout_cave_pools
Temple:   grunt_wide_crystal_templ
Lair:1:   layout_chaotic_city, kennysheep_snail_temple, grunt_megastairs_4,
          lemuel_fruit_tree
Lair:2:   layout_regular_city
Lair:3:   layout_roguey
Lair:4:   beast_lair_carwin_large_4, layout_hall_layers,
          elwin_shoals_entry_rooms, nicolae_spider_entry_tight_spaces,
          minmay_lair_oklob_bushes, serial_bayou_shore_a,
          infiniplex_staircase_pool_2
Lair:5:   layout_gridlike, nicolae_volcano_entry_two_sided,
          gauntlet_entry_generic, hangedman_tree_tricks
Lair:6:   minmay_lair_end_frog_pond, layout_small_grid,
          minmay_slime_entry_oklob_enclosed, gammafunk_ghost_cemetery,
          grunt_forest_small_clearing_treed, serial_bayou_shore_b
Shoals:1: cheibrodos_shoals_baths, layout_shoals
Shoals:2: layout_shoals, serial_shops, shop
Shoals:3: layout_shoals
Shoals:4: shoals_end_grunt_ice, layout_shoals, shoals_ilsuiw_alternative,
          serial_shops, shop
Spider:1: layout_chambers
Spider:2: layout_spider_delve, nicolae_spider_some_kinda_spiderbox
Spider:3: gammafunk_sealed_arena, guppyfry_spider_mini_1
Spider:4: grunt_spider_rune_parallel
Orc:1:    layout_caves, basic_altar, uniq_erolcha, uniq_gastronok
Orc:2:    grunt_orc_cross, layout_caves

Skill      XL: |  1  2  3  4  5  6  7  8  9 10 11 12 13 14 15 16 17 |
---------------+----------------------------------------------------+-----
Conjurations   | 5 6 7 8 9 10 11 12 13 14 15 16 | 16.0
Spellcasting   | 3 4 5 6 8 9 10 11 12 13 14 | 14.0
Fighting       | 1 3 4 6 8 9 10 12 13 14 15 | 15.8
Translocations | 1 2 4 |  4.0
Hexes          | 2 4 |  4.2
Shields        | 2 4 6 7 9 10 11 12 13 | 13.5
Invocations    | 5 7 |  7.6
Air Magic      | 4 |  4.2
Earth Magic    | 1 5 6 8 |  8.0
Poison Magic   | 4 6 |  6.0
Dodging        | |  1.7
Stealth        | |  1.7

Action                   |  1- 3 |  4- 6 |  7- 9 | 10-12 | 13-15 | 16-18 || total
-------------------------+-------+-------+-------+-------+-------+-------++-------
Melee: Spear             |    67 |     6 |       |       |       |       ||    73
       Tailslap          |     3 |     1 |     3 |     5 |    23 |     6 ||    41
       Long sword        |       |     5 |    41 |       |       |       ||    46
       Scimitar          |       |       |       |    29 |   111 |    20 ||   160
       Staff             |       |       |       |       |       |    41 ||    41
 Cast: Magic Dart        |    24 |    32 |    46 |    41 |   110 |    22 ||   275
       Searing Ray       |     6 |    37 |    43 |   122 |   203 |     6 ||   417
       Fulminant Prism   |       |       |     3 |    18 |    25 |    13 ||    59
       Iskenderun's Myst |       |       |       |    10 |    13 |     3 ||    26
       Lightning Bolt    |       |       |       |       |    23 |       ||    23
       Iskenderun's Batt |       |       |       |       |     8 |     1 ||     9
       Stone Arrow       |       |       |       |       |   154 |   180 ||   334
       Iron Shot         |       |       |       |       |    12 |       ||    12
       Poisonous Vapours |       |       |       |       |    30 |   214 ||   244
       Olgreb's Toxic Ra |       |       |       |       |    19 |   114 ||   133
       Hailstorm         |       |       |       |       |       |     5 ||     5
Invok: Ancestor Life: Kn |       |       |       |     1 |       |       ||     1
       Ancestor Identity |       |       |       |     1 |       |       ||     1
       Recall Ancestor   |       |       |       |     1 |     6 |     4 ||    11
       Idealise          |       |       |       |       |       |     1 ||     1
 Abil: Breathe Steam     |       |       |    45 |    36 |    67 |    22 ||   170
  Use: Scroll            |       |     8 |     9 |       |     1 |    13 ||    31
       Potion            |       |       |     1 |       |     5 |       ||     6
 Stab: Sleeping          |       |     1 |     1 |       |     1 |       ||     3
       Distracted        |       |       |       |       |     1 |       ||     1
Armor: Skin              |    37 |     7 |    24 |    42 |   124 |   108 ||   342
Dodge: Dodged            |    53 |    31 |    47 |    77 |   386 |   189 ||   783
       Repelled          |       |       |       |       |    10 |       ||    10
Block: Buckler           |       |       |       |    29 |   158 |     6 ||   193
       Kite shield       |       |       |       |       |       |   159 ||   159
       Rpst.: Long sword |       |     6 |    17 |       |       |       ||    23
       Scimitar          |       |       |       |    17 |   100 |     8 ||   125

Table legend: (Time is in decaauts)
 A = Elapsed time spent in this place.
 B = Non-inter-level travel time spent in this place.
 C = Inter-level travel time spent in this place.
 D = Time resting spent in this place.
 E = Time spent auto-exploring this place.
 F = Levels seen in this place.
 G = Mean time per level.
                   A        B        C        D        E       F      G
               +--------+--------+--------+--------+--------+-----+--------+
         Total |  43347 |  41537 |   1810 |  15098 |  20183 |  32 | 1354.6 |
       Dungeon |  12969 |  12329 |    640 |   2405 |   8350 |  13 |  997.6 |
        Temple |     84 |     56 |     28 |      0 |     55 |   1 |   84.0 |
          Lair |  11513 |  10836 |    677 |   3994 |   5414 |   6 | 1918.8 |
        Shoals |   6433 |   6290 |    143 |   3286 |   2172 |   4 | 1608.2 |
   Spider Nest |   8262 |   8067 |    195 |   3464 |   3212 |   4 | 2065.5 |
  Orcish Mines |   3145 |   3020 |    125 |   1615 |    904 |   2 | 1572.5 |
       Volcano |    546 |    546 |      0 |    250 |      3 |   1 |  546.0 |
      Gauntlet |    390 |    390 |      0 |     84 |     72 |   1 |  390.0 |
               +--------+--------+--------+--------+--------+-----+--------+

Top non-repeatable levels by time:
  Lair:5: 2893 daAuts
  Lair:4: 2814 daAuts
Spider:3: 2688 daAuts
Shoals:2: 2357 daAuts
Spider:1: 2332 daAuts
Shoals:3: 2226 daAuts
  Lair:6: 2178 daAuts
Spider:4: 1948 daAuts
     D:4: 1736 daAuts
Shoals:1: 1641 daAuts
   Orc:1: 1635 daAuts
   Orc:2: 1510 daAuts
  Lair:3: 1481 daAuts
     D:3: 1462 daAuts
     D:2: 1350 daAuts
